 Dungeon Crawl Stone Soup version 0.28.0-1-gb440e238dd (webtiles) character file.

Game seed: 10925330951170492239

261 RascalDebosk the Conjurer (level 5, -7/41 HPs)
             Began as a Draconian Conjurer on Feb 28, 2022.
             Mangled by a two-headed ogre (19 damage)
             ... on level 5 of the Dungeon.
             The game lasted 00:47:19 (3239 turns).

RascalDebosk the Conjurer (Draconian Conjurer)      Turns: 3239, Time: 00:47:19

Health: -7/41      AC:  5    Str:  8 (9)  XL:     5   Next: 96%
Magic:  7/9        EV: 11    Int: 18 (21) God:
Gold:   27         SH:  0    Dex:  6 (9)  Spells: 3/9 levels left

rFire   . . .      SeeInvis .   j - +2 short sword (speed)
rCold   . . .      Faith    .   (no shield)
rNeg    . . .      Spirit   .   (armour unavailable)
rPois   .          Reflect  .   (helmet restricted)
rElec   .          Harm     .   (no cloak)
rCorr   .          Rampage  .   (no gloves)
Will    .....                   (no boots)
Stlth   +.........              (no amulet)
HPRegen 0.13/turn               (no ring)
MPRegen 0.11/turn               (no ring)

@: no status effects
A: AC +5, unfitting armour, cold-blooded
a: no special abilities


You were on level 5 of the Dungeon.
You visited 1 branch of the dungeon, and saw 4 of its levels.

You collected 63 gold pieces.
You spent 36 gold pieces at shops.

Inventory:

Hand Weapons
 e - a +0 dagger
 j - a +2 short sword of speed (weapon)
Magical Staves
 d - a staff of air
Scrolls
 a - a scroll of teleportation
Potions
 b - a potion of ambrosia {unknown}
 f - a potion of curing
 g - a potion of degeneration
 h - a potion of berserk rage {unknown}
 i - a potion of attraction {unknown}


   Skills:
 + Level 2.0 Fighting
 * Level 2.5 Staves
 + Level 2.5 Dodging
 - Level 1.7 Stealth
 + Level 2.6 Spellcasting
 * Level 5.1 Conjurations
 * Level 1.0 Hexes
 * Level 0.0 Translocations
 - Level 1.1 Transmutations


You had 3 spell levels left.
You knew the following spells:

 Your Spells              Type           Power      Damage    Failure   Level
a - Magic Dart            Conj           80%        1d7       1%          1
b - Searing Ray           Conj           40%        2d5       3%          2
c - Dazzling Flash        Conj/Hex       26%        N/A       14%         3

Your spell library contained the following spells:

 Spells                   Type           Power      Damage    Failure   Level
 Ensorcelled Hibernation  Hex/Ice        8%         N/A       21%         2
 Passwall                 Tmut/Erth      3%         N/A       21%         2
 Swiftness                Air            2%         N/A       45%         3
 Fulminant Prism          Conj/Hex       6%         3d7       43%         4
 Iskenderun's Mystic Bla  Conj/Tloc      11%        2d4       52%         4


Dungeon Overview and Level Annotations

Branches:
Dungeon (3/15)

Altars:

Shops:
D:1 !


Innate Abilities, Weirdness & Mutations

Your plain brown scales are hard. (AC +5)
You cannot fit into any form of body armour.
You are cold-blooded and may be slowed by cold attacks.


Message History

Press: ? - help, Q - select action, (/) - cycle Shift-Dir - straight line, f/p - jelly
Aim: a jelly (almost dead, 100% to hit)
The magic dart hits the jelly.
You kill the jelly!
Your Hexes skill increases to level 1!
Your Transmutations skill increases to level 1!
Okay, then.
You start resting.
Magic restored.
You start resting.
A two-headed ogre comes into view.
It is wielding a +0 giant club and a +0 giant spiked club.
Casting: Magic Dart (safe; 1% risk of failure)
Confirm with . or Enter, or press ? or * to list all spells.
Okay, then.
You open the door.
There is an open door here.
You close the door.
You open the door.
Aiming: Magic Dart (safe; 1% risk of failure)
Press: ? - help, Q - select action, (/) - cycle Shift-Dir - straight line, f - two-headed ogre
Aim: a two-headed ogre, wielding a +0 giant club and a +0 giant spiked club (wandering, hasn't noticed you, 100% to hit)
The magic dart hits the two-headed ogre but does no damage.
The two-headed ogre shouts in stereo!
Casting: Magic Dart (safe; 1% risk of failure)
Confirm with . or Enter, or press ? or * to list all spells.
Aiming: Searing Ray (safe; 2% risk of failure)
Press: ? - help, Shift-Dir - straight line, f/p - two-headed ogre
Aim: a two-headed ogre, wielding a +0 giant club and a +0 giant spiked club (90% to hit)
The searing ray hits the two-headed ogre.
The two-headed ogre is lightly wounded. (Press . to maintain the ray.)
There is an open door here.
The two-headed ogre hits you with a +0 giant club!
The two-headed ogre hits you with a +0 giant spiked club!
* * * LOW HITPOINT WARNING * * *
It was a potion of degeneration.
There was something very wrong with that liquid.
You feel weakened.
You feel dopey.
You feel clumsy.
The two-headed ogre hits you with a +0 giant club!!
You die...

########
######......# ..
#....#...O@.## ...
#....'..........#
....#....#..........+
....######..........#
.(..O...............#
....................#
....................#
+###................#
#..............


You could see a two-headed ogre.

Vanquished Creatures
  A water moccasin zombie (D:5)
  A jelly (D:5)
  Natasha (thrice) (D:2)
  4 adders
  A worm (D:2)
  2 dart slugs (D:1)
  7 endoplasms
  A giant cockroach (D:1)
  4 hobgoblins
  6 jackals (D:1)
  2 quokkas
  3 ball pythons
  2 bats (D:1)
  2 frilled lizards (D:2)
  5 goblins
  7 kobolds
  2 rats
  A spectral kobold (D:1)
54 creatures vanquished.

Notes
Turn   | Place    | Note
-------+----------+-------------------------------------------
     0 | D:1      | RascalDebosk the Draconian Conjurer began the quest for the
                  | Orb.
     0 | D:1      | Reached XP level 1. HP: 14/14 MP: 3/3
   195 | D:1      | Found a faded altar of an unknown god.
   627 | D:1      | Reached XP level 2. HP: 22/22 MP: 3/5
   682 | D:1      | Learned a level 2 spell: Searing Ray
  1252 | D:1      | Reached XP level 3. HP: 25/27 MP: 1/6
  1360 | D:1      | Reached skill level 1 in Fighting
  1463 | D:1      | Found Narch's Distillery.
  1486 | D:1      | Bought a potion of curing for 36 gold pieces
  1770 | D:2      | Reached skill level 1 in Staves
  1972 | D:2      | Noticed Natasha
  1978 | D:2      | Killed Natasha
  1979 | D:2      | Reached XP level 4. HP: 34/35 MP: 0/7
  1992 | D:2      | Noticed Natasha
  2154 | D:2      | Killed Natasha
  2429 | D:2      | Noticed Natasha
  2436 | D:2      | Killed Natasha
  2437 | D:2      | Reached XP level 5. HP: 30/41 MP: 1/8
  2659 | D:2      | Learned a level 3 spell: Dazzling Flash
  3035 | D:3      | You fall into a shaft and drop 2 floors!
  3035 | D:5      | Entered Level 5 of the Dungeon
  3063 | D:5      | Reached skill level 5 in Conjurations
  3091 | D:5      | Reached skill level 1 in Hexes
  3091 | D:5      | Reached skill level 1 in Transmutations
  3190 | D:5      | Noticed a two-headed ogre
  3239 | D:5      | Mangled by a two-headed ogre

Illustrated notes

Levels and vault maps discovered:
D:1:      scummos_arrival_simple_fountains, layout_loops_cross,
          dreamdust_ecumenical_altar_drowned_temple, serial_shops,
          nicolae_diamond_shop
D:2:      layout_loops_ring, uniq_natasha
D:3:      layout_rooms, overflow_temple_1_default,
          minmay_misc_feat_secret_circle
D:5:      layout_gridville

Skill      XL: |  1  2  3  4  5 |
---------------+----------------+-----
Dodging        | 2 |  2.5
Fighting       | 1 2 |  2.0
Staves         | 1 2 |  2.5
Conjurations   | 5 |  5.1
Hexes          | 1 |  1.0
Transmutations | 1 |  1.1
Stealth        | |  1.7
Spellcasting   | |  2.6

Action                   |  1- 3 |  4- 6 || total
-------------------------+-------+-------++-------
Melee: Dagger            |    50 |     6 ||    56
       Punch             |     2 |     1 ||     3
       Tailslap          |     2 |     3 ||     5
       Short sword       |       |    27 ||    27
 Cast: Magic Dart        |    53 |    37 ||    90
       Searing Ray       |     6 |    10 ||    16
  Use: Scroll            |       |     2 ||     2
       Potion            |       |     1 ||     1
Armor: Skin              |    22 |     5 ||    27
Dodge: Dodged            |    55 |    20 ||    75
